 Dungeon Crawl Stone Soup version 0.29.1-15-g9cfb28693d (webtiles) character file.

Game seed: 16778449107815893609

217 Peloso the Covered (level 5, -1/47 HPs)
             Began as a Minotaur Fighter on Apr 25, 2023.
             Killed from afar by a steam dragon (19 damage)
             ... with a ball of steam
             ... on level 4 of the Dungeon.
             The game lasted 00:03:39 (3103 turns).

Peloso the Covered (Minotaur Fighter)               Turns: 3103, Time: 00:03:40

Health: -1/47      AC:  9    Str: 21    XL:     5   Next: 61%
Magic:  4/4        EV:  7    Int:  5    God:
Gold:   223        SH:  4    Dex: 11    Spells: 4/4 levels left

rFire   . . .      SeeInvis .   a - +1 long sword
rCold   . . .      Faith    .   d - +0 buckler
rNeg    . . .      Spirit   .   c - +0 chain mail
rPois   .          Reflect  .   (helmet restricted)
rElec   .          Harm     .   (no cloak)
rCorr   .          Rampage  .   (no gloves)
Will    .....                   (no boots)
Stlth   ..........              (no amulet)
HPRegen 0.15/turn               (no ring)
MPRegen 0.09/turn               (no ring)

@: no status effects
A: horns 2, retaliatory headbutt
a: no special abilities


You were on level 4 of the Dungeon.
You visited 1 branch of the dungeon, and saw 4 of its levels.

You collected 223 gold pieces.

Inventory:

Hand Weapons
 a - a +1 long sword (weapon)
Missiles
 n - a throwing net (quivered)
Armour
 b - a +1 scale mail
 c - a +0 chain mail (worn)
 d - a +0 buckler (worn)
Jewellery
 i - a +6 ring of strength
 j - a ring of resist corrosion
 m - a ring of ice
Scrolls
 e - a scroll of blinking
 f - 2 scrolls of teleportation
 h - 2 scrolls of enchant weapon
 k - a scroll of enchant armour
Potions
 g - a potion of might
 l - a potion of curing
 o - 2 potions of haste


   Skills:
 + Level 4.3 Fighting
 + Level 4.8 Long Blades
 + Level 5.0 Armour
 + Level 1.2 Dodging
 + Level 0.5 Stealth
 + Level 4.2 Shields


You had 4 spell levels left.
You didn't know any spells.
Your spell library contained the following spells:

 Spells                   Type           Power      Damage    Failure   Level
 Summon Small Mammal      Summ           0%         N/A       99%         1
 Call Canine Familiar     Summ           0%         N/A       100%        3
 Dazzling Flash           Conj/Hex       0%         N/A       100%        3
 Summon Guardian Golem    Hex/Summ       0%         N/A       100%        3
 Hailstorm                Conj/Ice       0%         3d3       100%        4
 Ice Form                 Ice/Tmut       0%         N/A       100%        4
 Iskenderun's Mystic Bla  Conj/Tloc      0%         2d3       100%        4
 Simulacrum               Ice/Necr       0%         N/A       100%        6
 Starburst                Conj/Fire      0%         6d3       100%        6


Dungeon Overview and Level Annotations

Branches:
Dungeon (4/15)
 Temple: D:4-7

Altars:
Qazlal
Sif Muna


Innate Abilities, Weirdness & Mutations

You have a pair of horns on your head.
You reflexively headbutt those who attack you in melee.


Message History

The iguana bites you but does no damage.
You hit the iguana.
You kill the iguana!
Your Armour skill increases to level 5!
You now have 223 gold pieces (gained 15).
h - 2 scrolls of enchant weapon (gained 1)
A steam dragon and a giant cockroach come into view.
The steam dragon hisses angrily.
The steam dragon breathes steam at you. The ball of steam hits you!
The steam dragon moves out of view.
The giant cockroach moves out of view.
You're standing in a cloud of steam!
You are engulfed in a cloud of scalding steam.
You are engulfed in a cloud of scalding steam.
The steam dragon bites you but does no damage.
The steam dragon claws you.
You hit the steam dragon. You headbutt the steam dragon.
The steam dragon is moderately wounded.
You are engulfed in a cloud of scalding steam.
The steam dragon bites you. The steam dragon completely misses you.
The steam dragon bites you but does no damage.
The steam dragon claws you.
You closely miss the steam dragon.
The steam dragon is moderately wounded.
The giant cockroach is engulfed in a cloud of scalding steam.
The giant cockroach bites you but does no damage.
You block the steam dragon's attack. The steam dragon completely misses you.
The giant cockroach is engulfed in a cloud of scalding steam.
The giant cockroach dies!
You hit the steam dragon but do no damage.
Your headbutt misses the steam dragon.
The steam dragon is moderately wounded.
The steam dragon bites you.
The steam dragon claws you but does no damage.
You hit the steam dragon but do no damage.
You headbutt the steam dragon, but do no damage.
The steam dragon is moderately wounded.
The steam dragon breathes steam at you. The ball of steam hits you!!
You die...

≈...≈...####.#
#.§.≈≈#≈+§#§.......#
#..§≈#≈≈≈≈≈≈...######
#...≈#≈>_≈#§§≈.#....#
#....#≈..§§§≈..#....#
.....#≈≈≈≈#.≈..#....#
...≈≈#≈≈##§(...#....#
.....≈≈≈≈......#D†..###
...(..........##@.....#.
..............##........
.#####.......§..$.....##
.#.#.........§....#####
...#...####.......#
...#.### #.[.....#
#...># ######### ##.###
...#


You could see a steam dragon (catching breath).

Vanquished Creatures
  A scorpion (D:4)
  2 iguanas (D:4)
  4 adders
  A worm (D:2)
  A dart slug (D:3)
  11 endoplasms
  5 giant cockroaches
  6 goblins
  6 hobgoblins
  3 jackals (D:1)
  2 quokkas
  5 ball pythons
  6 bats
  3 frilled lizards
  2 kobolds
  4 rats
62 creatures vanquished.

Vanquished Creatures (others)
  A giant cockroach (D:4)
1 creature vanquished.

Grand Total: 63 creatures vanquished

Notes
Turn   | Place    | Note
-------+----------+-------------------------------------------
     0 | D:1      | Peloso the Minotaur Fighter began the quest for the Orb.
     0 | D:1      | Reached XP level 1. HP: 19/19 MP: 0/0
   119 | D:1      | Noticed an eye of devastation
   160 | D:1      | Reached XP level 2. HP: 17/27 MP: 1/1
   484 | D:1      | Found a faded altar of an unknown god.
   487 | D:1      | Noticed a golden eye
   487 | D:1      | Noticed a great orb of eyes
   487 | D:1      | Noticed a shining eye
   512 | D:1      | Reached XP level 3. HP: 13/33 MP: 2/2
   800 | D:1      | Reached skill level 4 in Armour
  1940 | D:3      | Reached XP level 4. HP: 33/40 MP: 3/3
  2146 | D:3      | Found a shimmering blue altar of Sif Muna.
  2762 | D:4      | Reached skill level 1 in Dodging
  2851 | D:4      | Noticed a scorpion
  2870 | D:4      | Killed a scorpion
  2871 | D:4      | Reached XP level 5. HP: 29/46 MP: 4/4
  2983 | D:4      | Found a stormy altar of Qazlal.
  3002 | D:4      | Reached skill level 5 in Armour
  3097 | D:4      | Noticed a steam dragon
  3103 | D:4      | Killed from afar by a steam dragon

Illustrated notes

Levels and vault maps discovered:
D:1:      lightli_iron_boxes, layout_basic,
          hellmonk_ecumenical_altar_watching_god
D:2:      layout_loops_cross
D:3:      layout_basic, lemuel_blue_sif_altar, kennysheep_generic_room_5
D:4:      layout_basic, nicolae_qazlal_general_emergency, minmay_ogre_servants,
          uniq_eustachio

Skill      XL: |  1  2  3  4  5 |
---------------+----------------+-----
Long Blades    | 3 4 |  4.8
Shields        | 4 |  4.2
Armour         | 4 5 |  5.0
Fighting       | 4 |  4.3
Dodging        | 1 |  1.2
Stealth        | |  0.5

Action                   |  1- 3 |  4- 6 || total
-------------------------+-------+-------++-------
Melee: Long sword        |    94 |    58 ||   152
       Headbutt          |    16 |     9 ||    25
  Use: Scroll            |     3 |     2 ||     5
       Potion            |     2 |     2 ||     4
Armor: Scale mail        |    66 |       ||    66
       Chain mail        |     2 |    31 ||    33
Dodge: Dodged            |    63 |    17 ||    80
Block: Buckler           |    41 |    13 ||    54
